 Dungeon Crawl Stone Soup version 0.27-a0-1200-g94dc6ad4cf (webtiles) character file.

Game seed: 6112244839302512824

260 bande the Covered (level 6, -1/38 HPs)
             Began as a Gargoyle Fighter on May 31, 2021.
             Slain by an ogre
             ... wielding a +0 giant club
              (17 damage)
             ... on level 4 of the Dungeon.
             The game lasted 00:05:37 (2596 turns).

bande the Covered (Gargoyle Fighter)                Turns: 2596, Time: 00:05:39

Health: -1/38      AC: 11    Str: 20 (21) XL:     6   Next: 17%
Magic:  6/6        EV:  7    Int:  8      God:
Gold:   248        SH:  9    Dex:  7 (10) Spells: 5/5 levels left

rFire    . . .     SeeInvis .   a - +1 war axe
rCold    . . .     Faith    .   c - +0 kite shield
rNeg     + . .     Spirit   .   b - +0 scale mail
rPois    ∞         Reflect  .   (no helmet)
rElec    +         Harm     .   (no cloak)
rCorr    .         Rampage  .   (no gloves)
Will     .....                  (no boots)
Stlth    ..........             (no amulet)
HPRegen  0.12/turn              (no ring)
MPRegen  0.10/turn              (no ring)

@: studying Armour
A: sickness immunity, AC +4, negative energy resistance 1, electricity
resistance, torment resistance 1, petrification resistance
a: no special abilities


You were on level 4 of the Dungeon.
You visited 1 branch of the dungeon, and saw 4 of its levels.

You collected 248 gold pieces.

Inventory:

Hand Weapons
 a - a +1 war axe (weapon)
Armour
 b - a +0 scale mail (worn)
 c - a +0 kite shield (worn)
Jewellery
 e - a +6 ring of intelligence
Scrolls
 i - 2 scrolls of identify
Potions
 d - a potion of might
 f - a potion of haste
 k - 2 potions of invisibility


   Skills:
 + Level 4.1 Fighting
 + Level 3.7 Axes
 + Level 4.8 Armour
 + Level 1.0 Dodging
 + Level 4.5 Shields


You had 5 spell levels left.
You didn't know any spells.
Your spell library contained the following spells:

 Spells                   Type           Power      Damage    Failure   Level
 Magic Dart               Conj           0%         1d3       99%         1
 Searing Ray              Conj           0%         3d3       100%        2
 Dazzling Flash           Conj/Hex       0%         N/A       100%        3
 Fulminant Prism          Conj/Hex       0%         3d6       100%        4
 Iskenderun's Mystic Bla  Conj/Tloc      0%         2d3       100%        4


Dungeon Overview and Level Annotations

Branches:
Dungeon (4/15)
 Temple: D:4-7

Altars:
Cheibriados
Elyvilon

Shops:
D:2 :


Innate Abilities, Weirdness & Mutations

You are immune to sickness and miasma.
Your stone body is resilient. (AC +4)
You are immune to poison.
You resist negative energy. (rN+)
You are resistant to electric shocks. (rElec)
You are resistant to unholy torment.
You are immune to petrification.


Message History

The scorpion stings you but does no damage. x2
You slash the scorpion!
You kill the scorpion!
You feel your strength returning.
Your Dodging skill increases to level 1!
You have reached level 6!
Your experience leads to an increase in your attributes!
Your base attributes are Str 20, Int 8, Dex 10.
Increase (S)trength, (I)ntelligence, or (D)exterity?
You feel stronger.
You start resting.
HP restored.
Things that are here:
a +0 dagger; a jackal corpse; a worm corpse You now have 231 gold pieces (gained 8).
Found 17 sling bullets.
You now have 248 gold pieces (gained 17).
An iguana comes into view.
An iguana is nearby!
An ogre comes into view. It is wielding a +0 giant club.
The ogre shouts!
A black bear comes into view.
A quokka comes into view.
The black bear growls angrily.
You block the iguana's attack.
You hit the iguana but do no damage. The iguana barely misses you.
Your scale mail prevents you from hitting the iguana.
The iguana bites you but does no damage.
The iguana bites you.
You hit the iguana.
The iguana is moderately wounded.
The iguana bites you. The quokka barely misses you.
You hit the iguana.
The iguana is severely wounded.
Your scale mail prevents you from hitting the ogre.
You barely miss the quokka. You block the iguana's attack.
The ogre hits you with a +0 giant club! The quokka bites you.
You block the iguana's attack. You block the quokka's attack.
The ogre hits you with a +0 giant club!
You die...

#.##.##.# #.##.##.#
#.##.##.# #
####†÷†....###### ##
#...#...........#
.###...)...#.#.#...#
#......#.#.#.......##.##
##.#####.#.....h........
#.## #.#.....O@..##.#.
..# #.......rl..# .. ..#
####.#.#.#### ## ..#
......(# ..# ....... ..#
##..... ... #.#.## ...
..#.


You could see a black bear, an ogre, an iguana and a quokka.

Vanquished Creatures
  A centaur (D:3)
  A scorpion (D:4)
  A jelly (D:4)
  An adder (D:2)
  An ufetubus (D:4)
  3 worms
  3 dart slugs
  An orc (D:3)
  6 ball pythons
  An endoplasm (D:3)
  3 giant cockroaches
  7 goblins
  7 hobgoblins
  6 jackals
  6 bats
  4 frilled lizards
  6 kobolds
  3 rats
61 creatures vanquished.

Vanquished Creatures (others)
  5 plants (D:3)
5 creatures vanquished.

Grand Total: 66 creatures vanquished

Notes
Turn   | Place    | Note
-------+----------+-------------------------------------------
     0 | D:1      | bande the Gargoyle Fighter began the quest for the Orb.
     0 | D:1      | Reached XP level 1. HP: 14/14 MP: 1/1
   147 | D:1      | Reached XP level 2. HP: 19/19 MP: 2/2
   165 | D:1      | Found a faded altar of an unknown god.
   575 | D:1      | Reached XP level 3. HP: 24/24 MP: 3/3
   750 | D:2      | Found Heall's Book Boutique.
  1247 | D:2      | Identified a scroll of acquirement
  1247 | D:2      | Acquired a manual of Armour
  1551 | D:2      | Reached XP level 4. HP: 29/29 MP: 4/4
  1866 | D:3      | Found a white marble altar of Elyvilon.
  1876 | D:3      | Noticed a centaur
  1884 | D:3      | Killed a centaur
  1885 | D:3      | Reached XP level 5. HP: 11/33 MP: 5/5
  2074 | D:3      | Found a snail-covered altar of Cheibriados.
  2507 | D:4      | Reached skill level 1 in Dodging
  2507 | D:4      | Reached XP level 6. HP: 31/38 MP: 6/6
  2591 | D:4      | Noticed a black bear
  2596 | D:4      | Slain by an ogre

Illustrated notes

Levels and vault maps discovered:
D:1:      heliophobic_arrival_henge, layout_loops_cross,
          chequers_ecumenical_altar_island, minmay_misc_feat_nine_boxes
D:2:      layout_loops_ring, serial_shops, shop, minmay_3d_cube
D:3:      layout_rooms, kennysheep_slug_shrine, old_standard_altar,
          serial_bayou_lagoon_b
D:4:      layout_loops_cross

Skill      XL: |  1  2  3  4  5 |
---------------+----------------+-----
Axes           | 2 3 |  3.7
Shields        | 4 |  4.5
Armour         | 4 |  4.8
Fighting       | 4 |  4.1
Dodging        | 1 |  1.0

Action                   |  1- 3 |  4- 6 || total
-------------------------+-------+-------++-------
Melee: War axe           |   136 |    56 ||   192
  Use: Scroll            |     7 |     3 ||    10
       Potion            |       |     3 ||     3
Armor: Scale mail        |    73 |    55 ||   128
Dodge: Dodged            |    58 |    26 ||    84
Block: Kite shield       |    73 |    43 ||   116

Table legend: (Time is in decaauts)
 A = Elapsed time spent in this place.
 B = Non-inter-level travel time spent in this place.
 C = Inter-level travel time spent in this place.
 D = Time resting spent in this place.
 E = Time spent auto-exploring this place.
 F = Levels seen in this place.
 G = Mean time per level.
                   A        B        C        D        E       F      G
               +--------+--------+--------+--------+--------+-----+--------+
         Total |   2731 |   2717 |     14 |    392 |   1811 |   4 |  682.8 |
       Dungeon |   2731 |   2717 |     14 |    392 |   1811 |   4 |  682.8 |
               +--------+--------+--------+--------+--------+-----+--------+

Top non-repeatable levels by time:
     D:2: 1207 daAuts
     D:1: 712 daAuts
     D:3: 483 daAuts
     D:4: 327 daAuts
